 Dungeon Crawl Stone Soup version 0.23-a0-730-g0b75920 (webtiles) character file.

58 robertstho the Skirmisher (level 3, -4/29 HPs)
             Began as a Demonspawn Abyssal Knight on Jan 18, 2019.
             Was a Follower of Lugonu.
             Slain by a killer bee (8 damage)
             ... on level 3 of the Dungeon.
             The game lasted 00:02:52 (1480 turns).

robertstho the Skirmisher (DsAK)                    Turns: 1480, Time: 00:02:53

Health: -4/29      AC:  6    Str: 12    XL:     3   Next: 75%
Magic:  4/4        EV:  8    Int: 13    God:    Lugonu [*.....]
Gold:   56         SH:  0    Dex: 13    Spells: 2/2 levels left

rFire    + . .     SeeInvis .   a - +1 mace
rCold    x . .     Gourm    .   (no shield)
rNeg     . . .     Faith    .   l - +0 scale mail
rPois    .         Spirit   .   (no helmet)
rElec    .         Reflect  .   (no cloak)
rCorr    .         Harm     .   (no gloves)
MR       .....                  (no boots)
Stlth    ..........             (no amulet)
HPRegen  0.09/turn              j - ring of fire
MPRegen  0.09/turn              (no ring)

@: lethally poisoned (-4 -> -11), drained
A: hooves 2
a: Depart the Abyss, Renounce Religion


You were on level 3 of the Dungeon.
You worshipped Lugonu.
Lugonu was aware of your devotion.
You were not hungry.

You visited 1 branch of the dungeon, and saw 4 of its levels.
You visited the Abyss 1 time.

You collected 56 gold pieces.

Inventory:

Hand Weapons
 a - a +1 mace (weapon)
Missiles
 n - 6 tomahawks (quivered)
Armour
 l - a +0 scale mail (worn)
Jewellery
 j - a ring of fire (left hand)
Scrolls
 e - a scroll of remove curse {unknown}
 i - a scroll of blinking {unknown}
 k - a scroll of teleportation {unknown}
 m - 3 scrolls of amnesia
Potions
 b - 2 potions of lignification {unknown}
 d - a potion of invisibility {unknown}
 g - 3 potions of curing {unknown}
 h - 2 potions of agility {unknown}
Comestibles
 c - 7 rations


   Skills:
 + Level 3.6(2.5) Fighting
 + Level 2.4(1.4) Maces & Flails
 + Level 2.4(1.4) Armour
 + Level 1.2(0.2) Dodging
 + Level 2.5(1.5) Invocations


You had 2 spell levels left.
You didn't know any spells.
Your spell library was empty.

Dungeon Overview and Level Annotations

Branches:
Dungeon (4/15)
 Temple: D:4-7

Altars:


Innate Abilities, Weirdness & Mutations

You have hoof-like feet.


Message History

You climb upwards.
The orc wizard shouts!
The orc shouts! x2
An orc comes into view. It is wielding a +0 hand axe.
* * * LOW HITPOINT WARNING * * *
You feel sick.
You hear a shout!
Found a silver wand and 14 gold pieces.
There is a stone staircase leading down here.
Okay, then.
You feel much better. The killer bee stings you.
The killer bee closely misses you.
The killer bee stings you but does no damage.
The killer bee stings you! The killer bee stings you. x2
An orc comes into view. It is wielding a +0 club.
You feel sick. The killer bee stings you.
The killer bee stings you but does no damage.
The killer bee stings you.
* * * LOW HITPOINT WARNING * * *
The killer bee stings you!
You die...

## #
..#.#
##... ...
######.#
##.oo.yy#
#.../y@##
#.o###$.#
#o. ##.#
o .# ..
... ...
.#..


You could see 3 killer bees and 3 orcs.

Vanquished Creatures
  An orc priest (D:4)
  2 dart slugs (D:1)
  2 orcs (D:4)
  2 bats (D:1)
  3 goblins (D:1)
  4 hobgoblins (D:1)
  A ball python (D:1)
  3 frilled lizards (D:1)
  2 kobolds (D:1)
  4 rats (D:1)
24 creatures vanquished.

Notes
Turn   | Place    | Note
-------+----------+-------------------------------------------
     0 | Abyss:1  | robertstho the Demonspawn Abyssal Knight began the quest
                  | for the Orb.
     0 | Abyss:1  | Reached XP level 1. HP: 18/18 MP: 2/2
   329 | Abyss:1  | Noticed a sixfirhy
   330 | D:1      | Escaped the Abyss
   356 | D:1      | Reached * piety under Lugonu
   397 | D:1      | Gained mutation: You have large cloven feet. [demonic
                  | ancestry]
   397 | D:1      | Reached XP level 2. HP: 6/24 MP: 3/3
   609 | D:1      | Reached skill level 1 in Dodging
  1100 | D:2      | You fall through a shaft for 2 floors!
  1199 | D:4      | Noticed a killer bee
  1202 | D:4      | Gained mutation: You have hoof-like feet. [demonic
                  | ancestry]
  1202 | D:4      | Reached XP level 3. HP: 15/29 MP: 4/4
  1472 | D:4      | Noticed a killer bee
  1472 | D:4      | Noticed a killer bee
  1472 | D:4      | Noticed a killer bee
  1472 | D:4      | Noticed a killer bee
  1474 | D:4      | Noticed a killer bee
  1480 | D:3      | Slain by a killer bee

Vault maps used:
D:1:      dpeg_arrival_fog
D:2:      gammafunk_temple_overflow_elements, nicolae_ru_path_of_blood
D:4:      grunt_qazlal_sundering, minmay_temple_entry_antechambers,
          first_ration, minivault_4, uniq_ijyb, uniq_natasha

Skill      XL: |  1  2 |
---------------+-------+-----
Armour         | 2 |  2.4
Maces & Flails | 2 |  2.4
Dodging        | 1 |  1.2
Fighting       | |  3.6
Invocations    | |  2.5

Action                   || total
-------------------------++-------
Melee: Mace              ||    61
       Kick              ||     6
Invok: Depart the Abyss  ||     1
  Use: Scroll            ||     4
       Potion            ||     1
  Eat: Chunk             ||     2
Armor: Leather armour    ||    26
       Scale mail        ||    20
Dodge: Dodged            ||    56

Table legend:
 A = Non-vault XP
 B = Vault XP
 C = Vault XP percentage of total XP
 D = Non-vault monster count
 E = Vault monster count
 F = Vault count percentage of total count
                 A         B        C        D         E       F
            +---------+---------+-------+---------+---------+-------
      Total |      83 |       0 |   0.0 |      24 |       0 |   0.0
            +---------+---------+-------+---------+---------+-------
        D:1 |      36 |       0 |   0.0 |      21 |       0 |   0.0
        D:4 |      47 |       0 |   0.0 |       3 |       0 |   0.0
            +---------+---------+-------+---------+---------+-------
